[ PARTIDA AOE2 · #476629400 ]
UnrankedVietnamitas vs Byzantines
[ ANÁLISIS DE REPETICIÓN · EXTRAÍDO DE LA PARTIDA GRABADA ]
Feudal
11:00
Castillos
15:42
Imperial
38:10
| APM promedio | 68.9 |
| APM pico | 144 |
| eAPM promedio | 37.7 |
| Aldeanos / militares | 220 / 470 |
Foco
⚔️ 42.7% · 🌾 57.3%
Spearman ×352 · Knight ×84 · Bombard Cannon ×21 · Monk ×7 · Trade Cart ×4 · Militia ×2
Feudal
11:29
Castillos
16:07
Imperial
37:45
| APM promedio | 35.7 |
| APM pico | 90 |
| eAPM promedio | 19.9 |
| Aldeanos / militares | 175 / 510 |
Foco
⚔️ 48.0% · 🌾 52.0%
Spearman ×307 · Camel Scout ×81 · Skirmisher ×77 · Cataphract ×43 · Trade Cart ×14 · Monk ×2
Feudal
10:00
Castillos
21:28
Imperial
33:04
| APM promedio | 29.2 |
| APM pico | 76 |
| eAPM promedio | 13.2 |
| Aldeanos / militares | 93 / 212 |
Foco
⚔️ 37.3% · 🌾 62.7%
Skirmisher ×176 · Unknown (2586) ×120 · Spearman ×33 · Unknown (2550) ×4 · Trebuchet (Packed) ×3
Feudal
10:33
Castillos
14:44
Imperial
34:03
| APM promedio | 68.5 |
| APM pico | 124 |
| eAPM promedio | 40.5 |
| Aldeanos / militares | 174 / 294 |
Foco
⚔️ 59.4% · 🌾 40.6%
Leitis ×234 · Trade Cart ×40 · Skirmisher ×26 · Scout Cavalry ×11 · Battering Ram ×10 · Monk ×6
Feudal
11:23
Castillos
15:48
Imperial
36:47
| APM promedio | 49.2 |
| APM pico | 70 |
| eAPM promedio | 22.4 |
| Aldeanos / militares | 175 / 354 |
Foco
⚔️ 41.7% · 🌾 58.3%
Archer ×226 · Skirmisher ×77 · Spearman ×30 · Trebuchet (Packed) ×21 · Trade Cart ×12
Feudal
—
Castillos
—
Imperial
—
| APM promedio | 44.0 |
| APM pico | 80 |
| eAPM promedio | 23.8 |
| Aldeanos / militares | 124 / 267 |
Foco
⚔️ 39.1% · 🌾 60.9%
Scout Cavalry ×168 · Conquistador ×97 · Trade Cart ×12 · Monk ×2
Feudal
11:43
Castillos
15:33
Imperial
36:04
| APM promedio | 36.5 |
| APM pico | 92 |
| eAPM promedio | 16.0 |
| Aldeanos / militares | 143 / 204 |
Foco
⚔️ 31.0% · 🌾 69.0%
Archer ×77 · Skirmisher ×68 · Battle Elephant ×37 · Trade Cart ×10 · Hand Cannoneer ×10 · Mangonel ×8
Feudal
10:57
Castillos
14:52
Imperial
34:10
| APM promedio | 31.4 |
| APM pico | 85 |
| eAPM promedio | 20.7 |
| Aldeanos / militares | 164 / 26 |
Foco
⚔️ 35.0% · 🌾 65.0%
Unknown (1908) ×180 · Trade Cart ×15 · Spearman ×14 · Unknown (1911) ×10 · Steppe Lancer ×4 · Monk ×3
Mapa de la partida
Recursos iniciales + cada clic de construcción. Líneas = muros · curvas = relieve. ◆ oro · ⬟ piedra · ● bayas · ✦ reliquia · ◌ hueco del cierre
Tu base· ✓ Cerrada en 15:42 · 4t muro · 3 puerta(s)
Base de The Bellevillain· ✓ Cerrada en 16:07 · 0t muro · 3 puerta(s)
Base de Hympériius· ✓ Cerrada en 21:28 · 0t muro · 3 puerta(s)
Base de Michael Olise· ✓ Cerrada en 14:44 · 0t muro · 2 puerta(s)
Base de |FMG| Gral_Artigas· ✓ Cerrada en 15:48 · 2t muro · 3 puerta(s)
Base de CaptainQS· ✓ Cerrada en 13:18 · 1t muro · 3 puerta(s)
Base de Finch· ✓ Cerrada en 15:33 · 0t muro · 3 puerta(s)
Base de PedrodeMatos· ✓ Cerrada en 14:52 · 0t muro · 2 puerta(s)
Terreno inicial suavizado · ◌ = hueco del cierre detectado · pasá el cursor para detalles
Inputs por minuto
— |FMG| Lautreamont - - The Bellevillain
Build order — |FMG| Lautreamont
Primeras 150 de 689 acciones detectadas
| 0:00 | Crear | Villager (Male) |
| 0:01 | Crear | Villager (Male) |
| 0:01 | Crear | Villager (Male) |
| 0:01 | Crear | Villager (Male) |
| 0:03 | Construir | House |
| 0:04 | Construir | House |
| 1:24 | Crear | Villager (Male) |
| 1:57 | Construir | Lumber Camp |
| 2:03 | Crear | Villager (Male) |
| 2:24 | Crear | Villager (Male) |
| 2:24 | Crear | Villager (Male) |
| 2:52 | Crear | Villager (Male) |
| 3:03 | Crear | Villager (Male) |
| 3:03 | Crear | Villager (Male) |
| 3:48 | Crear | Villager (Male) |
| 3:50 | Construir | House |
| 4:06 | Crear | Villager (Male) |
| 4:20 | Construir | House |
| 4:34 | Crear | Villager (Male) |
| 4:34 | Crear | Villager (Male) |
| 4:55 | Crear | Villager (Male) |
| 5:26 | Crear | Villager (Male) |
| 5:26 | Crear | Villager (Male) |
| 5:41 | Crear | Villager (Male) |
| 5:43 | Crear | Villager (Male) |
| 5:43 | Crear | Villager (Male) |
| 6:04 | Construir | Palisade Wall |
| 6:15 | Crear | Villager (Male) |
| 6:15 | Crear | Villager (Male) |
| 6:18 | Crear | Villager (Male) |
| 6:31 | Crear | Villager (Male) |
| 6:31 | Crear | Villager (Male) |
| 6:32 | Construir | Mill |
| 6:41 | Crear | Villager (Male) |
| 6:53 | Construir | House |
| 6:58 | Construir | Barracks |
| 7:20 | Crear | Villager (Male) |
| 7:20 | Crear | Villager (Male) |
| 7:27 | Crear | Villager (Male) |
| 7:56 | Construir | House |
| 7:57 | Crear | Villager (Male) |
| 8:15 | Crear | Villager (Male) |
| 8:45 | Construir | Mining Camp |
| 8:50 | Investigar | Feudal Age |
| 8:50 | Investigar | Feudal Age |
| 10:22 | Construir | Farm |
| 10:28 | Construir | Farm |
| 10:52 | Crear | Villager (Male) |
| 10:57 | Crear | Villager (Male) |
| 10:57 | Crear | Villager (Male) |
| 11:00 | Edad | Edad Feudal |
| 11:05 | Construir | Stable |
| 11:08 | Construir | Blacksmith |
| 11:41 | Construir | Farm |
| 11:42 | Construir | Farm |
| 11:49 | Investigar | Loom |
| 12:00 | Construir | Farm |
| 12:17 | Construir | Farm |
| 13:02 | Investigar | Castle Age |
| 13:02 | Investigar | Castle Age |
| 13:07 | Construir | Lumber Camp |
| 13:34 | Investigar | Horse Collar |
| 13:34 | Investigar | Horse Collar |
| 14:04 | Construir | Lumber Camp |
| 14:14 | Construir | House |
| 14:15 | Construir | House |
| 14:41 | Investigar | Gold Mining |
| 14:43 | Investigar | Double-Bit Axe |
| 14:43 | Investigar | Double-Bit Axe |
| 15:02 | Construir | House |
| 15:33 | Crear | Villager (Male) |
| 15:42 | Edad | Edad de los Castillos |
| 15:45 | Construir | Town Center |
| 15:46 | Investigar | Bow Saw |
| 15:47 | Investigar | Bow Saw |
| 16:01 | Crear | Knight |
| 16:16 | Construir | Palisade Gate |
| 16:25 | Crear | Villager (Male) |
| 16:43 | Crear | Villager (Male) |
| 17:03 | Crear | Villager (Male) |
| 17:10 | Crear | Knight |
| 17:10 | Crear | Knight |
| 17:13 | Construir | Farm |
| 17:14 | Construir | Farm |
| 17:16 | Construir | Farm |
| 17:16 | Construir | Farm |
| 17:20 | Construir | Farm |
| 17:38 | Crear | Knight |
| 17:38 | Crear | Knight |
| 17:46 | Construir | Farm |
| 17:46 | Construir | Farm |
| 17:48 | Construir | Farm |
| 18:05 | Crear | Villager (Male) |
| 18:05 | Crear | Villager (Male) |
| 18:09 | Construir | Farm |
| 18:11 | Construir | Farm |
| 18:30 | Crear | Villager (Male) |
| 18:30 | Crear | Villager (Male) |
| 18:39 | Construir | Farm |
| 18:39 | Construir | Farm |
| 18:41 | Crear | Villager (Male) |
| 18:42 | Crear | Villager (Male) |
| 18:42 | Crear | Villager (Male) |
| 18:55 | Construir | Farm |
| 18:56 | Crear | Villager (Male) |
| 18:57 | Crear | Villager (Male) |
| 19:14 | Crear | Villager (Male) |
| 19:15 | Crear | Villager (Male) |
| 19:15 | Crear | Villager (Male) |
| 19:29 | Crear | Villager (Male) |
| 19:29 | Crear | Villager (Male) |
| 19:40 | Construir | Market |
| 19:50 | Crear | Knight ×2 |
| 19:51 | Crear | Knight ×2 |
| 19:59 | Construir | Farm |
| 20:01 | Construir | House |
| 20:02 | Construir | House |
| 20:03 | Crear | Villager (Male) |
| 20:03 | Crear | Villager (Male) |
| 20:05 | Crear | Villager (Male) |
| 20:06 | Crear | Villager (Male) |
| 20:18 | Crear | Villager (Male) |
| 20:30 | Crear | Villager (Male) |
| 20:30 | Crear | Villager (Male) |
| 20:32 | Crear | Villager (Male) |
| 20:32 | Crear | Villager (Male) |
| 20:36 | Construir | Farm |
| 20:46 | Construir | Town Center |
| 20:56 | Crear | Villager (Male) |
| 20:57 | Crear | Villager (Male) |
| 21:07 | Crear | Villager (Male) |
| 21:08 | Crear | Villager (Male) |
| 21:14 | Crear | Knight |
| 21:15 | Crear | Knight |
| 21:17 | Crear | Knight |
| 21:17 | Crear | Knight |
| 21:18 | Crear | Villager (Male) |
| 21:18 | Crear | Villager (Male) |
| 21:22 | Construir | Farm |
| 21:25 | Construir | House |
| 21:31 | Crear | Villager (Male) |
| 21:31 | Crear | Villager (Male) |
| 21:42 | Crear | Scout Cavalry |
| 21:42 | Crear | Villager (Male) |
| 21:44 | Construir | Monastery |
| 21:49 | Crear | Villager (Male) |
| 21:49 | Crear | Villager (Male) |
| 21:52 | Crear | Villager (Male) |
| 22:04 | Crear | Knight |
| 22:05 | Crear | Scout Cavalry |
Build order — The Bellevillain
Primeras 150 de 546 acciones detectadas
| 0:00 | Crear | Villager (Male) ×4 |
| 0:01 | Construir | House |
| 0:03 | Construir | House |
| 1:29 | Crear | Villager (Male) |
| 1:45 | Construir | Lumber Camp |
| 1:59 | Crear | Villager (Male) |
| 2:21 | Crear | Villager (Male) |
| 2:21 | Crear | Villager (Male) |
| 2:54 | Crear | Villager (Male) |
| 3:10 | Crear | Villager (Male) |
| 3:48 | Crear | Villager (Male) |
| 3:49 | Crear | Villager (Male) |
| 3:49 | Crear | Villager (Male) |
| 3:50 | Construir | House |
| 4:23 | Construir | House |
| 4:29 | Construir | Mill |
| 4:31 | Crear | Villager (Male) |
| 5:09 | Crear | Villager (Male) |
| 5:09 | Crear | Villager (Male) |
| 5:09 | Crear | Villager (Male) |
| 5:34 | Crear | Villager (Male) |
| 5:35 | Crear | Villager (Male) |
| 6:02 | Crear | Villager (Male) |
| 7:26 | Construir | Farm |
| 7:38 | Crear | Villager (Male) |
| 8:01 | Crear | Villager (Male) |
| 8:11 | Crear | Villager (Male) |
| 8:27 | Construir | Farm |
| 8:37 | Crear | Villager (Male) |
| 8:39 | Construir | Mining Camp |
| 8:52 | Construir | House |
| 8:53 | Construir | House |
| 9:12 | Investigar | Feudal Age |
| 9:49 | Construir | Lumber Camp |
| 11:04 | Crear | Villager (Male) |
| 11:04 | Crear | Villager (Male) |
| 11:29 | Edad | Edad Feudal |
| 11:31 | Construir | Market |
| 11:48 | Construir | Blacksmith |
| 12:16 | Construir | House |
| 12:17 | Construir | House |
| 12:18 | Construir | House |
| 12:35 | Construir | Barracks |
| 12:52 | Construir | House |
| 13:07 | Construir | House |
| 13:11 | Construir | House |
| 13:15 | Construir | House |
| 13:23 | Crear | Villager (Male) |
| 13:26 | Investigar | Castle Age |
| 13:47 | Construir | Farm |
| 13:47 | Construir | Farm |
| 14:01 | Construir | Mining Camp |
| 14:03 | Construir | House |
| 14:05 | Construir | House |
| 14:15 | Construir | House |
| 14:18 | Investigar | Loom |
| 14:36 | Construir | Watch Tower |
| 14:46 | Construir | Watch Tower |
| 14:49 | Crear | Villager (Male) |
| 14:59 | Construir | Farm |
| 15:02 | Construir | Farm |
| 15:05 | Investigar | Double-Bit Axe |
| 15:13 | Investigar | Fletching |
| 15:41 | Crear | Villager (Male) |
| 15:52 | Construir | Farm |
| 15:54 | Construir | Farm |
| 15:57 | Construir | Farm |
| 16:07 | Edad | Edad de los Castillos |
| 16:13 | Investigar | Horse Collar |
| 16:38 | Crear | Villager (Male) |
| 17:03 | Crear | Villager (Male) |
| 17:09 | Construir | Farm |
| 18:07 | Crear | Villager (Male) |
| 18:22 | Crear | Villager (Male) |
| 18:27 | Investigar | Pikeman (upgrade) |
| 18:29 | Crear | Spearman ×5 |
| 18:43 | Construir | Gate |
| 18:51 | Crear | Villager (Male) |
| 18:53 | Construir | Town Center |
| 18:55 | Crear | Villager (Male) |
| 19:05 | Construir | Farm |
| 19:07 | Construir | Farm |
| 19:11 | Crear | Villager (Male) |
| 19:24 | Investigar | Scale Mail Armor |
| 19:31 | Construir | Farm |
| 19:35 | Construir | Farm |
| 19:59 | Crear | Villager (Male) |
| 20:02 | Construir | Farm |
| 20:16 | Crear | Spearman |
| 20:37 | Crear | Spearman |
| 20:38 | Crear | Spearman |
| 20:39 | Crear | Villager (Male) |
| 20:41 | Crear | Villager (Male) |
| 20:47 | Construir | Farm |
| 20:49 | Construir | Farm |
| 20:52 | Construir | Farm |
| 20:58 | Crear | Villager (Male) |
| 20:58 | Crear | Villager (Male) |
| 21:17 | Crear | Villager (Male) |
| 21:18 | Crear | Villager (Male) |
| 21:22 | Construir | Lumber Camp |
| 21:32 | Construir | Farm |
| 21:35 | Crear | Villager (Male) |
| 21:35 | Crear | Villager (Male) |
| 21:44 | Crear | Villager (Male) |
| 21:44 | Crear | Villager (Male) |
| 22:05 | Crear | Villager (Male) |
| 22:05 | Crear | Villager (Male) |
| 22:24 | Crear | Villager (Male) |
| 22:47 | Crear | Villager (Male) |
| 22:47 | Crear | Villager (Male) |
| 22:57 | Construir | Castle |
| 22:58 | Construir | Mining Camp |
| 23:13 | Crear | Villager (Male) |
| 23:13 | Crear | Villager (Male) |
| 23:25 | Crear | Villager (Male) |
| 23:34 | Construir | Town Center |
| 23:38 | Crear | Villager (Male) |
| 24:02 | Construir | Farm |
| 24:04 | Construir | Farm |
| 24:19 | Investigar | Chain Mail Armor |
| 24:20 | Crear | Spearman |
| 24:21 | Crear | Spearman |
| 24:21 | Crear | Spearman |
| 24:22 | Crear | Villager (Male) |
| 24:23 | Crear | Villager (Male) |
| 24:23 | Crear | Villager (Male) |
| 24:40 | Construir | Farm |
| 25:24 | Crear | Villager (Male) |
| 25:25 | Crear | Villager (Male) |
| 25:25 | Crear | Villager (Male) |
| 25:25 | Crear | Villager (Male) |
| 25:25 | Crear | Villager (Male) |
| 25:30 | Crear | Spearman |
| 25:30 | Crear | Spearman |
| 25:30 | Crear | Spearman |
| 25:31 | Crear | Spearman |
| 25:42 | Crear | Villager (Male) |
| 25:42 | Crear | Villager (Male) |
| 25:56 | Construir | Castle |
| 26:01 | Crear | Spearman |
| 26:01 | Crear | Spearman |
| 26:02 | Crear | Villager (Male) |
| 26:02 | Crear | Villager (Male) |
| 26:03 | Crear | Villager (Male) |
| 26:07 | Construir | Farm |
| 26:17 | Construir | House |
| 26:18 | Construir | House |
| 26:19 | Construir | House |
| 26:19 | Construir | House |
Build order — Hympériius
Primeras 150 de 344 acciones detectadas
| 0:00 | Crear | Villager (Male) |
| 0:02 | Construir | House |
| 0:03 | Construir | House |
| 0:16 | Crear | Villager (Male) |
| 0:16 | Crear | Villager (Male) |
| 0:16 | Crear | Villager (Male) |
| 1:27 | Crear | Villager (Male) |
| 2:02 | Construir | Settlement |
| 2:06 | Crear | Villager (Male) |
| 2:18 | Crear | Villager (Male) |
| 2:48 | Crear | Villager (Male) |
| 3:22 | Crear | Villager (Male) |
| 3:38 | Crear | Villager (Male) |
| 4:24 | Crear | Villager (Male) |
| 4:25 | Crear | Villager (Male) |
| 4:37 | Construir | Barracks |
| 4:58 | Crear | Villager (Male) |
| 5:09 | Construir | House |
| 5:44 | Crear | Villager (Male) |
| 5:58 | Crear | Villager (Male) |
| 6:35 | Crear | Villager (Male) |
| 6:56 | Construir | Settlement |
| 6:57 | Crear | Villager (Male) |
| 7:23 | Investigar | Loom |
| 7:44 | Investigar | Feudal Age |
| 7:50 | Construir | Settlement |
| 8:16 | Crear | Unit 2550 |
| 8:16 | Crear | Unit 2550 |
| 9:26 | Crear | Unit 2550 |
| 9:27 | Crear | Unit 2550 |
| 9:51 | Crear | Villager (Male) |
| 9:51 | Crear | Villager (Male) |
| 10:00 | Edad | Edad Feudal |
| 10:02 | Investigar | Tech 1402 |
| 10:09 | Investigar | Double-Bit Axe |
| 10:12 | Investigar | Horse Collar |
| 10:19 | Crear | Villager (Male) |
| 11:01 | Crear | Villager (Male) |
| 11:05 | Construir | Farm |
| 11:05 | Construir | Farm |
| 11:05 | Construir | Farm |
| 11:06 | Construir | Farm |
| 11:24 | Crear | Villager (Male) |
| 11:43 | Construir | Farm |
| 11:47 | Crear | Villager (Male) |
| 11:55 | Construir | House |
| 12:07 | Construir | Farm |
| 12:32 | Crear | Villager (Male) |
| 12:55 | Crear | Villager (Male) |
| 13:10 | Construir | Archery Range |
| 13:12 | Crear | Villager (Male) |
| 13:26 | Crear | Villager (Male) |
| 13:42 | Construir | Blacksmith |
| 13:52 | Construir | Blacksmith |
| 14:05 | Crear | Skirmisher |
| 14:05 | Crear | Skirmisher |
| 14:06 | Crear | Villager (Male) |
| 14:10 | Construir | Farm |
| 14:34 | Crear | Villager (Male) |
| 14:43 | Construir | Archery Range |
| 14:48 | Crear | Skirmisher |
| 14:49 | Crear | Villager (Male) |
| 14:56 | Investigar | Fletching |
| 15:05 | Construir | House |
| 15:07 | Construir | House |
| 15:09 | Construir | House |
| 15:17 | Construir | Farm |
| 15:19 | Construir | Farm |
| 15:28 | Crear | Villager (Male) |
| 15:56 | Crear | Villager (Male) |
| 16:01 | Construir | House |
| 16:02 | Construir | House |
| 16:02 | Construir | House |
| 16:20 | Crear | Villager (Male) |
| 16:29 | Construir | Farm |
| 16:34 | Construir | Farm |
| 16:35 | Construir | Farm |
| 16:37 | Construir | Farm |
| 16:39 | Construir | Farm |
| 16:44 | Construir | Farm |
| 16:53 | Crear | Villager (Male) |
| 17:02 | Construir | Farm |
| 17:05 | Construir | Farm |
| 17:09 | Construir | Farm |
| 17:12 | Construir | Farm |
| 17:19 | Crear | Villager (Male) |
| 17:26 | Construir | House |
| 17:50 | Crear | Villager (Male) |
| 18:09 | Construir | Farm |
| 18:11 | Construir | Farm |
| 18:12 | Construir | Farm |
| 18:20 | Construir | House |
| 18:20 | Construir | House |
| 18:22 | Construir | House |
| 18:23 | Crear | Villager (Male) |
| 18:32 | Construir | Archery Range |
| 18:48 | Investigar | Castle Age |
| 19:05 | Investigar | Padded Archer Armor |
| 19:37 | Crear | Skirmisher |
| 19:38 | Crear | Skirmisher |
| 19:38 | Crear | Skirmisher |
| 19:54 | Construir | Archery Range |
| 20:07 | Crear | Skirmisher |
| 20:07 | Crear | Skirmisher |
| 20:08 | Crear | Skirmisher |
| 20:15 | Construir | House |
| 20:16 | Construir | House |
| 20:17 | Construir | House |
| 20:52 | Investigar | Wheelbarrow |
| 21:04 | Crear | Skirmisher |
| 21:04 | Crear | Skirmisher |
| 21:05 | Crear | Skirmisher |
| 21:17 | Crear | Skirmisher |
| 21:17 | Crear | Skirmisher |
| 21:18 | Crear | Skirmisher |
| 21:18 | Crear | Skirmisher |
| 21:21 | Crear | Skirmisher |
| 21:28 | Edad | Edad de los Castillos |
| 21:35 | Investigar | Elite Skirmisher (upgrade) |
| 21:38 | Investigar | Bodkin Arrow |
| 21:39 | Investigar | Leather Archer Armor |
| 21:50 | Investigar | Bow Saw |
| 22:04 | Crear | Villager (Male) |
| 22:38 | Construir | House |
| 22:39 | Construir | House |
| 22:53 | Construir | University |
| 23:11 | Investigar | Hand Cart |
| 23:11 | Investigar | Town Watch |
| 23:25 | Crear | Villager (Male) |
| 23:25 | Crear | Villager (Male) |
| 24:10 | Construir | House |
| 24:14 | Crear | Villager (Male) ×5 |
| 25:09 | Investigar | Ballistics |
| 25:33 | Crear | Skirmisher ×5 |
| 25:43 | Investigar | Town Watch |
| 25:55 | Investigar | Heavy Plow |
| 25:56 | Investigar | Gold Mining |
| 26:33 | Investigar | Thumb Ring |
| 26:36 | Crear | Villager (Male) ×5 |
| 27:02 | Investigar | Gold Shaft Mining |
| 27:11 | Crear | Skirmisher ×5 |
| 27:12 | Crear | Skirmisher ×5 |
| 27:42 | Construir | House |
| 27:43 | Construir | House |
| 27:45 | Construir | House |
| 28:15 | Construir | Siege Workshop |
| 28:25 | Crear | Villager (Male) |
| 28:26 | Crear | Villager (Male) |
| 28:49 | Construir | Monastery |
| 29:01 | Construir | House |
Build order — Michael Olise
Primeras 150 de 729 acciones detectadas
| 0:02 | Crear | Villager (Male) |
| 0:02 | Crear | Villager (Male) |
| 0:02 | Crear | Villager (Male) |
| 0:03 | Crear | Villager (Male) |
| 0:03 | Crear | Villager (Male) |
| 0:04 | Construir | House |
| 0:05 | Construir | House |
| 0:12 | Crear | Villager (Male) |
| 0:13 | Crear | Villager (Male) |
| 1:30 | Crear | Villager (Male) |
| 1:58 | Crear | Villager (Male) |
| 1:58 | Crear | Villager (Male) |
| 2:01 | Construir | Lumber Camp |
| 2:21 | Crear | Villager (Male) |
| 2:21 | Crear | Villager (Male) |
| 2:44 | Crear | Villager (Male) |
| 3:07 | Crear | Villager (Male) |
| 3:07 | Crear | Villager (Male) |
| 3:34 | Crear | Villager (Male) |
| 3:34 | Crear | Villager (Male) |
| 4:03 | Construir | House |
| 4:16 | Construir | Mill |
| 4:20 | Crear | Villager (Male) |
| 4:21 | Crear | Villager (Male) |
| 4:53 | Crear | Villager (Male) |
| 5:01 | Crear | Villager (Male) |
| 5:01 | Crear | Villager (Male) |
| 5:26 | Crear | Villager (Male) |
| 5:28 | Crear | Villager (Male) |
| 5:28 | Crear | Villager (Male) |
| 5:43 | Crear | Villager (Male) |
| 5:51 | Construir | House |
| 6:20 | Crear | Villager (Male) |
| 7:42 | Construir | Barracks |
| 7:43 | Construir | House |
| 8:17 | Investigar | Feudal Age |
| 8:17 | Investigar | Feudal Age |
| 8:57 | Construir | Mining Camp |
| 9:40 | Construir | Farm |
| 9:41 | Construir | Farm |
| 9:44 | Construir | Farm |
| 10:02 | Crear | Villager (Male) |
| 10:02 | Crear | Villager (Male) |
| 10:33 | Edad | Edad Feudal |
| 10:34 | Construir | Market |
| 11:07 | Construir | Blacksmith |
| 11:29 | Investigar | Loom |
| 11:34 | Crear | Villager (Male) |
| 11:38 | Construir | House |
| 11:39 | Construir | House |
| 11:41 | Construir | House |
| 12:04 | Investigar | Castle Age |
| 12:37 | Investigar | Double-Bit Axe |
| 12:51 | Construir | Mining Camp |
| 13:23 | Investigar | Horse Collar |
| 13:45 | Crear | Villager (Male) |
| 14:09 | Crear | Villager (Male) |
| 14:20 | Crear | Villager (Male) |
| 14:44 | Edad | Edad de los Castillos |
| 15:20 | Crear | Villager (Male) |
| 15:31 | Construir | Farm |
| 15:59 | Crear | Villager (Male) |
| 16:03 | Construir | Farm |
| 16:05 | Construir | Farm |
| 16:23 | Construir | Castle |
| 16:29 | Construir | Mining Camp |
| 16:31 | Crear | Spearman |
| 16:36 | Construir | Farm |
| 16:37 | Crear | Villager (Male) |
| 16:38 | Crear | Villager (Male) |
| 16:39 | Crear | Villager (Male) |
| 16:57 | Crear | Villager (Male) |
| 17:11 | Construir | Town Center |
| 17:16 | Crear | Villager (Male) |
| 17:32 | Crear | Villager (Male) |
| 17:54 | Crear | Leitis |
| 18:07 | Construir | Farm |
| 18:14 | Construir | Farm |
| 18:19 | Construir | Farm |
| 18:23 | Construir | Farm |
| 18:25 | Construir | Farm |
| 18:26 | Construir | Farm |
| 18:27 | Construir | Farm |
| 18:28 | Construir | Farm |
| 18:29 | Crear | Villager (Male) |
| 18:31 | Crear | Villager (Male) |
| 18:31 | Crear | Villager (Male) |
| 18:45 | Crear | Leitis |
| 18:56 | Construir | Farm |
| 18:59 | Crear | Villager (Male) |
| 18:59 | Crear | Villager (Male) |
| 19:13 | Construir | House |
| 19:15 | Construir | House |
| 19:15 | Construir | House |
| 19:16 | Construir | House |
| 19:22 | Crear | Villager (Male) |
| 19:36 | Crear | Leitis |
| 19:58 | Crear | Leitis |
| 20:06 | Crear | Villager (Male) |
| 20:17 | Construir | Town Center |
| 20:33 | Crear | Leitis |
| 20:34 | Crear | Leitis |
| 20:35 | Crear | Villager (Male) |
| 20:35 | Crear | Villager (Male) |
| 20:36 | Crear | Villager (Male) |
| 20:43 | Construir | Farm |
| 20:50 | Construir | Farm |
| 20:55 | Crear | Villager (Male) |
| 20:55 | Crear | Villager (Male) |
| 21:06 | Crear | Villager (Male) |
| 21:20 | Construir | Farm |
| 21:23 | Crear | Villager (Male) |
| 21:25 | Crear | Villager (Male) |
| 21:44 | Crear | Leitis |
| 21:45 | Crear | Villager (Male) |
| 21:45 | Crear | Villager (Male) |
| 21:45 | Crear | Villager (Male) |
| 22:00 | Crear | Villager (Male) |
| 22:08 | Construir | Farm |
| 22:10 | Construir | Farm |
| 22:11 | Crear | Villager (Male) |
| 22:13 | Construir | Farm |
| 22:18 | Crear | Leitis |
| 22:31 | Crear | Leitis |
| 22:41 | Crear | Leitis |
| 22:44 | Crear | Villager (Male) |
| 22:44 | Crear | Villager (Male) |
| 22:53 | Crear | Villager (Male) |
| 22:53 | Crear | Villager (Male) |
| 22:56 | Crear | Villager (Male) |
| 22:56 | Crear | Villager (Male) |
| 22:59 | Construir | Farm |
| 23:02 | Construir | Farm |
| 23:15 | Crear | Villager (Male) |
| 23:17 | Crear | Villager (Male) |
| 23:20 | Construir | Farm |
| 23:22 | Construir | Farm |
| 23:29 | Investigar | Scale Barding Armor |
| 23:34 | Crear | Villager (Male) |
| 23:34 | Crear | Villager (Male) |
| 23:47 | Construir | Monastery |
| 23:52 | Crear | Leitis |
| 23:53 | Crear | Villager (Male) |
| 23:53 | Crear | Villager (Male) |
| 24:05 | Crear | Villager (Male) |
| 24:05 | Crear | Villager (Male) |
| 24:05 | Crear | Villager (Male) |
| 24:09 | Crear | Villager (Male) |
| 24:23 | Crear | Villager (Male) |
| 24:23 | Crear | Villager (Male) |
Build order — |FMG| Gral_Artigas
Primeras 150 de 626 acciones detectadas
| 0:03 | Crear | Villager (Male) |
| 0:03 | Crear | Villager (Male) |
| 0:03 | Crear | Villager (Male) |
| 0:04 | Crear | Villager (Male) |
| 0:05 | Construir | House |
| 0:06 | Construir | House |
| 1:29 | Crear | Villager (Male) |
| 1:30 | Crear | Villager (Male) |
| 1:59 | Crear | Villager (Male) |
| 1:59 | Crear | Villager (Male) |
| 2:21 | Crear | Villager (Male) |
| 2:21 | Crear | Villager (Male) |
| 2:39 | Construir | Lumber Camp |
| 2:54 | Crear | Villager (Male) |
| 2:54 | Crear | Villager (Male) |
| 3:17 | Crear | Villager (Male) |
| 3:17 | Crear | Villager (Male) |
| 3:28 | Crear | Villager (Male) |
| 3:29 | Crear | Villager (Male) |
| 3:29 | Crear | Villager (Male) |
| 4:09 | Construir | House |
| 4:20 | Crear | Villager (Male) |
| 4:20 | Crear | Villager (Male) |
| 4:30 | Construir | House |
| 4:56 | Construir | House |
| 5:00 | Crear | Villager (Male) |
| 5:18 | Construir | Mill |
| 5:20 | Crear | Villager (Male) |
| 5:45 | Crear | Villager (Male) |
| 5:48 | Construir | Palisade Wall |
| 6:23 | Crear | Villager (Male) |
| 6:23 | Crear | Villager (Male) |
| 7:16 | Construir | Farm |
| 7:26 | Crear | Villager (Male) |
| 7:27 | Crear | Villager (Male) |
| 7:51 | Construir | Farm |
| 8:03 | Crear | Villager (Male) |
| 8:06 | Crear | Villager (Male) |
| 8:15 | Construir | Farm |
| 8:21 | Construir | Farm |
| 8:23 | Construir | Mining Camp |
| 8:55 | Investigar | Feudal Age |
| 9:42 | Construir | Barracks |
| 11:16 | Crear | Villager (Male) |
| 11:16 | Crear | Villager (Male) |
| 11:23 | Edad | Edad Feudal |
| 11:26 | Construir | Archery Range |
| 11:31 | Construir | Blacksmith |
| 12:01 | Construir | Farm |
| 12:05 | Construir | Farm |
| 12:11 | Construir | House |
| 12:43 | Investigar | Loom |
| 12:55 | Construir | House |
| 13:03 | Investigar | Castle Age |
| 13:08 | Crear | Archer |
| 13:24 | Crear | Archer |
| 13:27 | Construir | Archery Range |
| 13:45 | Investigar | Double-Bit Axe |
| 14:15 | Crear | Archer |
| 14:28 | Crear | Archer |
| 14:29 | Crear | Archer |
| 14:46 | Investigar | Horse Collar |
| 14:54 | Crear | Archer |
| 15:13 | Crear | Villager (Male) |
| 15:14 | Crear | Archer |
| 15:29 | Crear | Archer |
| 15:48 | Edad | Edad de los Castillos |
| 15:51 | Crear | Villager (Male) |
| 16:01 | Construir | Town Center |
| 16:03 | Investigar | Bow Saw |
| 16:06 | Crear | Archer |
| 16:06 | Crear | Archer |
| 16:25 | Construir | House |
| 16:26 | Construir | House |
| 16:35 | Crear | Archer |
| 16:37 | Construir | Farm |
| 16:39 | Investigar | Fletching |
| 16:53 | Crear | Villager (Male) |
| 17:01 | Construir | House |
| 17:02 | Construir | House |
| 17:03 | Construir | House |
| 17:13 | Crear | Villager (Male) |
| 17:21 | Construir | Farm |
| 17:28 | Crear | Villager (Male) |
| 17:28 | Crear | Villager (Male) |
| 17:30 | Crear | Archer |
| 17:30 | Crear | Archer |
| 17:30 | Crear | Archer |
| 17:48 | Crear | Villager (Male) |
| 17:57 | Crear | Villager (Male) |
| 18:04 | Construir | Farm |
| 18:06 | Construir | Farm |
| 18:26 | Crear | Archer |
| 18:26 | Crear | Archer |
| 18:28 | Crear | Villager (Male) |
| 18:28 | Crear | Villager (Male) |
| 18:35 | Construir | Farm |
| 18:36 | Construir | Farm |
| 18:37 | Construir | Farm |
| 18:42 | Construir | Farm |
| 18:56 | Crear | Villager (Male) |
| 18:56 | Crear | Villager (Male) |
| 19:05 | Construir | House |
| 19:21 | Crear | Villager (Male) |
| 19:21 | Crear | Villager (Male) |
| 19:26 | Construir | Market |
| 19:35 | Crear | Villager (Male) |
| 19:39 | Construir | Farm |
| 19:39 | Construir | Farm |
| 19:40 | Construir | Farm |
| 19:49 | Construir | Farm |
| 19:56 | Crear | Villager (Male) |
| 19:57 | Crear | Villager (Male) |
| 19:57 | Crear | Villager (Male) |
| 20:02 | Crear | Archer |
| 20:03 | Crear | Archer |
| 20:03 | Crear | Archer |
| 20:21 | Crear | Villager (Male) |
| 20:37 | Investigar | Crossbowman (upgrade) |
| 20:43 | Crear | Villager (Male) |
| 20:45 | Construir | University |
| 21:11 | Crear | Villager (Male) |
| 21:11 | Crear | Villager (Male) |
| 21:18 | Crear | Villager (Male) |
| 21:18 | Crear | Villager (Male) |
| 21:25 | Construir | Town Center |
| 21:35 | Crear | Archer |
| 21:35 | Crear | Archer |
| 21:44 | Crear | Villager (Male) |
| 21:44 | Crear | Villager (Male) |
| 21:45 | Crear | Villager (Male) |
| 21:46 | Construir | Farm |
| 21:49 | Crear | Villager (Male) |
| 21:50 | Construir | Farm |
| 21:53 | Construir | Farm |
| 22:04 | Crear | Villager (Male) |
| 22:07 | Construir | House |
| 22:08 | Construir | House |
| 22:22 | Crear | Archer |
| 22:23 | Crear | Archer |
| 22:48 | Investigar | Bodkin Arrow |
| 22:52 | Crear | Villager (Male) |
| 22:52 | Crear | Villager (Male) |
| 22:53 | Crear | Villager (Male) |
| 23:03 | Crear | Archer |
| 23:03 | Crear | Archer |
| 23:04 | Crear | Villager (Male) |
| 23:04 | Crear | Villager (Male) |
| 23:20 | Crear | Villager (Male) |
| 23:20 | Crear | Villager (Male) |
Build order — CaptainQS
Primeras 150 de 586 acciones detectadas
| 0:01 | Crear | Villager (Male) |
| 0:02 | Crear | Villager (Male) |
| 0:03 | Construir | House |
| 0:04 | Construir | House |
| 0:16 | Crear | Villager (Male) |
| 0:19 | Crear | Villager (Male) |
| 1:30 | Crear | Villager (Male) |
| 2:07 | Crear | Villager (Male) |
| 2:10 | Construir | Lumber Camp |
| 2:41 | Crear | Villager (Male) |
| 2:53 | Crear | Villager (Male) |
| 3:17 | Crear | Villager (Male) |
| 3:17 | Crear | Villager (Male) |
| 3:20 | Construir | House |
| 3:40 | Crear | Villager (Male) |
| 4:16 | Crear | Villager (Male) |
| 4:29 | Construir | Mill |
| 4:51 | Crear | Villager (Male) |
| 5:06 | Crear | Villager (Male) |
| 5:07 | Crear | Villager (Male) |
| 5:18 | Crear | Villager (Male) |
| 6:43 | Crear | Villager (Male) |
| 6:44 | Crear | Villager (Male) |
| 6:44 | Crear | Villager (Male) |
| 6:58 | Crear | Villager (Male) |
| 6:59 | Crear | Villager (Male) |
| 7:18 | Investigar | Feudal Age |
| 7:53 | Construir | Palisade Wall |
| 8:14 | Construir | House |
| 8:58 | Construir | Barracks |
| 9:34 | Crear | Villager (Male) |
| 9:52 | Crear | Villager (Male) |
| 10:10 | Construir | Mining Camp |
| 10:14 | Crear | Villager (Male) |
| 10:45 | Crear | Villager (Male) |
| 10:48 | Construir | Stable |
| 11:22 | Construir | Blacksmith |
| 11:28 | Crear | Villager (Male) |
| 11:36 | Construir | House |
| 11:55 | Crear | Villager (Male) |
| 12:24 | Construir | Mining Camp |
| 13:18 | Investigar | Castle Age |
| 13:35 | Construir | Farm |
| 13:36 | Construir | Farm |
| 14:18 | Investigar | Horse Collar |
| 14:20 | Construir | Farm |
| 14:22 | Construir | Farm |
| 14:25 | Construir | Farm |
| 14:29 | Construir | Farm |
| 15:29 | Construir | House |
| 15:31 | Construir | House |
| 15:48 | Crear | Villager (Male) |
| 15:50 | Crear | Villager (Male) |
| 16:10 | Construir | Castle |
| 16:16 | Crear | Villager (Male) |
| 16:21 | Investigar | Heavy Plow |
| 16:25 | Construir | Farm |
| 16:36 | Construir | House |
| 16:46 | Crear | Villager (Male) |
| 16:51 | Construir | Farm |
| 17:03 | Crear | Villager (Male) |
| 17:11 | Construir | Farm |
| 17:17 | Crear | Conquistador |
| 17:18 | Crear | Conquistador |
| 17:40 | Crear | Villager (Male) |
| 17:57 | Crear | Conquistador |
| 18:07 | Construir | Farm |
| 18:08 | Construir | Farm |
| 18:19 | Construir | Farm |
| 18:20 | Crear | Villager (Male) |
| 18:38 | Crear | Conquistador |
| 18:53 | Crear | Villager (Male) |
| 19:01 | Construir | Farm |
| 19:03 | Construir | Farm |
| 19:10 | Crear | Conquistador |
| 19:27 | Crear | Conquistador |
| 19:36 | Construir | Farm |
| 19:38 | Crear | Villager (Male) |
| 19:46 | Construir | Farm |
| 19:51 | Construir | Farm |
| 19:53 | Crear | Conquistador |
| 20:08 | Construir | Farm |
| 20:09 | Crear | Villager (Male) |
| 20:19 | Crear | Conquistador |
| 20:54 | Crear | Conquistador |
| 20:54 | Crear | Conquistador |
| 20:56 | Crear | Villager (Male) |
| 21:01 | Construir | Farm |
| 21:04 | Crear | Villager (Male) |
| 21:18 | Crear | Conquistador |
| 21:34 | Crear | Conquistador |
| 21:48 | Crear | Villager (Male) |
| 21:48 | Crear | Villager (Male) |
| 21:52 | Construir | Town Center |
| 21:57 | Crear | Villager (Male) |
| 21:58 | Crear | Conquistador |
| 22:28 | Construir | Farm |
| 22:31 | Crear | Villager (Male) |
| 22:35 | Investigar | Gold Mining |
| 22:39 | Crear | Conquistador |
| 22:39 | Crear | Conquistador |
| 23:03 | Crear | Villager (Male) |
| 23:04 | Crear | Villager (Male) |
| 23:38 | Crear | Conquistador |
| 23:38 | Crear | Conquistador |
| 23:47 | Crear | Villager (Male) |
| 23:48 | Crear | Villager (Male) |
| 24:07 | Construir | Monastery |
| 24:09 | Crear | Conquistador |
| 24:09 | Crear | Conquistador |
| 24:25 | Crear | Conquistador |
| 24:49 | Construir | Farm |
| 24:51 | Construir | Farm |
| 24:55 | Investigar | Husbandry |
| 24:58 | Investigar | Scale Barding Armor |
| 24:59 | Crear | Villager (Male) |
| 25:00 | Crear | Villager (Male) |
| 25:00 | Crear | Villager (Male) |
| 25:09 | Construir | Farm |
| 25:13 | Construir | Farm |
| 25:17 | Crear | Monk |
| 25:37 | Crear | Villager (Male) |
| 25:38 | Crear | Villager (Male) |
| 25:38 | Crear | Villager (Male) |
| 25:38 | Crear | Villager (Male) |
| 25:38 | Crear | Villager (Male) |
| 25:39 | Crear | Villager (Male) |
| 26:13 | Crear | Monk |
| 26:16 | Crear | Conquistador |
| 26:16 | Crear | Conquistador |
| 26:16 | Crear | Conquistador |
| 26:19 | Crear | Villager (Male) |
| 26:19 | Crear | Villager (Male) |
| 26:19 | Crear | Villager (Male) |
| 26:24 | Construir | Farm |
| 26:27 | Construir | Farm |
| 26:32 | Construir | House |
| 26:32 | Construir | House |
| 26:37 | Construir | House |
| 26:37 | Construir | House |
| 26:41 | Construir | House |
| 26:45 | Construir | House |
| 26:46 | Construir | House |
| 26:53 | Investigar | Bloodlines |
| 27:19 | Crear | Conquistador |
| 27:34 | Construir | University |
| 27:48 | Crear | Conquistador |
| 28:28 | Crear | Conquistador |
| 28:29 | Crear | Conquistador |
| 28:35 | Crear | Conquistador |
Build order — Finch
Primeras 150 de 506 acciones detectadas
| 0:01 | Crear | Villager (Male) |
| 0:01 | Crear | Villager (Male) |
| 0:02 | Crear | Villager (Male) |
| 0:04 | Construir | House |
| 0:05 | Construir | House |
| 0:20 | Crear | Villager (Male) |
| 0:21 | Crear | Villager (Male) |
| 1:28 | Crear | Villager (Male) |
| 1:45 | Construir | Lumber Camp |
| 2:01 | Crear | Villager (Male) |
| 2:30 | Crear | Villager (Male) |
| 2:30 | Crear | Villager (Male) |
| 2:54 | Crear | Villager (Male) |
| 2:54 | Crear | Villager (Male) |
| 3:17 | Crear | Villager (Male) |
| 3:17 | Crear | Villager (Male) |
| 3:21 | Construir | House |
| 3:22 | Construir | House |
| 3:53 | Crear | Villager (Male) |
| 3:54 | Crear | Villager (Male) |
| 3:54 | Crear | Villager (Male) |
| 4:29 | Construir | Mill |
| 4:37 | Investigar | Loom |
| 4:37 | Investigar | Loom |
| 4:57 | Crear | Villager (Male) |
| 4:58 | Crear | Villager (Male) |
| 5:49 | Crear | Villager (Male) |
| 6:18 | Crear | Villager (Male) |
| 6:18 | Crear | Villager (Male) |
| 7:15 | Investigar | Feudal Age |
| 7:15 | Investigar | Feudal Age |
| 7:17 | Crear | Villager (Male) |
| 7:18 | Crear | Villager (Male) |
| 7:55 | Crear | Villager (Male) |
| 8:06 | Construir | Farm |
| 8:12 | Construir | Farm |
| 8:23 | Crear | Villager (Male) |
| 8:35 | Construir | Barracks |
| 8:40 | Crear | Villager (Male) |
| 8:45 | Crear | Villager (Male) |
| 8:56 | Construir | Mining Camp |
| 9:26 | Crear | Villager (Male) |
| 9:26 | Crear | Villager (Male) |
| 9:29 | Construir | House |
| 9:33 | Investigar | Feudal Age |
| 9:38 | Construir | House |
| 11:12 | Construir | House |
| 11:31 | Crear | Villager (Male) |
| 11:31 | Crear | Villager (Male) |
| 11:43 | Edad | Edad Feudal |
| 11:51 | Construir | Archery Range |
| 11:56 | Construir | Blacksmith |
| 11:59 | Construir | House |
| 12:15 | Construir | Farm |
| 12:20 | Construir | Farm |
| 12:21 | Construir | Farm |
| 12:53 | Investigar | Castle Age |
| 12:54 | Investigar | Castle Age |
| 13:03 | Crear | Archer |
| 13:03 | Crear | Archer |
| 13:03 | Crear | Archer |
| 13:04 | Crear | Archer |
| 13:25 | Investigar | Double-Bit Axe |
| 14:07 | Construir | Archery Range |
| 14:10 | Construir | House |
| 14:29 | Investigar | Horse Collar |
| 14:38 | Crear | Archer |
| 14:42 | Investigar | Fletching |
| 14:42 | Investigar | Fletching |
| 14:48 | Crear | Villager (Male) |
| 14:57 | Crear | Archer |
| 14:58 | Crear | Archer |
| 15:17 | Crear | Archer |
| 15:17 | Crear | Archer |
| 15:28 | Construir | House |
| 15:33 | Edad | Edad de los Castillos |
| 15:38 | Investigar | Bow Saw |
| 15:38 | Investigar | Bow Saw |
| 15:58 | Construir | Farm |
| 16:00 | Construir | Farm |
| 16:04 | Construir | Farm |
| 16:06 | Crear | Villager (Male) |
| 16:10 | Crear | Archer |
| 16:10 | Crear | Archer |
| 16:25 | Construir | Farm |
| 16:32 | Crear | Villager (Male) |
| 16:47 | Construir | Farm |
| 16:51 | Crear | Archer |
| 16:51 | Crear | Archer |
| 16:52 | Crear | Villager (Male) |
| 16:53 | Crear | Villager (Male) |
| 17:17 | Crear | Villager (Male) |
| 17:22 | Construir | Farm |
| 17:40 | Crear | Archer |
| 17:40 | Crear | Archer |
| 17:45 | Crear | Villager (Male) |
| 17:58 | Crear | Archer |
| 17:58 | Crear | Archer |
| 18:12 | Crear | Villager (Male) |
| 18:16 | Construir | Farm |
| 18:25 | Investigar | Crossbowman (upgrade) |
| 18:25 | Investigar | Crossbowman (upgrade) |
| 18:34 | Crear | Archer |
| 18:34 | Crear | Archer |
| 18:35 | Crear | Villager (Male) |
| 18:51 | Construir | Farm |
| 18:52 | Construir | Farm |
| 18:56 | Crear | Archer |
| 18:56 | Crear | Archer |
| 19:01 | Crear | Villager (Male) |
| 19:03 | Crear | Villager (Male) |
| 19:31 | Investigar | Padded Archer Armor |
| 19:35 | Construir | House |
| 19:36 | Construir | House |
| 19:37 | Construir | House |
| 19:37 | Construir | House |
| 19:37 | Construir | House |
| 19:38 | Construir | House |
| 19:38 | Construir | House |
| 19:51 | Crear | Archer |
| 19:52 | Crear | Archer |
| 19:52 | Crear | Archer |
| 19:54 | Crear | Villager (Male) |
| 19:54 | Crear | Villager (Male) |
| 20:54 | Crear | Archer |
| 20:55 | Crear | Archer |
| 20:56 | Crear | Villager (Male) |
| 20:56 | Crear | Villager (Male) |
| 21:00 | Investigar | Gold Mining |
| 21:05 | Crear | Villager (Male) |
| 21:11 | Construir | Town Center |
| 21:34 | Crear | Archer |
| 21:34 | Crear | Archer |
| 21:34 | Crear | Archer |
| 21:34 | Crear | Archer |
| 21:36 | Crear | Villager (Male) |
| 21:36 | Crear | Villager (Male) |
| 21:45 | Crear | Archer |
| 21:46 | Crear | Archer |
| 22:45 | Investigar | Thumb Ring |
| 22:46 | Investigar | Thumb Ring |
| 22:47 | Crear | Villager (Male) |
| 22:47 | Crear | Villager (Male) |
| 22:47 | Crear | Villager (Male) |
| 23:26 | Crear | Villager (Male) |
| 23:26 | Crear | Villager (Male) |
| 23:34 | Construir | Siege Workshop |
| 23:45 | Crear | Archer |
| 23:45 | Crear | Archer |
| 23:46 | Crear | Archer |
Build order — PedrodeMatos
Primeras 150 de 537 acciones detectadas
| 0:01 | Crear | Villager (Male) |
| 0:04 | Construir | House |
| 0:06 | Construir | House |
| 0:18 | Crear | Villager (Male) |
| 0:19 | Crear | Villager (Male) |
| 0:19 | Crear | Villager (Male) |
| 0:19 | Crear | Villager (Male) |
| 1:26 | Crear | Villager (Male) |
| 1:47 | Construir | Lumber Camp |
| 2:01 | Crear | Villager (Male) |
| 2:17 | Crear | Villager (Male) |
| 2:39 | Crear | Villager (Male) |
| 3:10 | Crear | Villager (Male) |
| 3:26 | Construir | House |
| 3:27 | Construir | House |
| 3:44 | Crear | Villager (Male) |
| 4:17 | Construir | Mill |
| 4:21 | Crear | Villager (Male) |
| 5:02 | Crear | Villager (Male) |
| 5:09 | Crear | Villager (Male) |
| 5:23 | Crear | Villager (Male) |
| 6:09 | Crear | Villager (Male) |
| 6:38 | Crear | Villager (Male) |
| 7:04 | Crear | Villager (Male) |
| 7:24 | Crear | Villager (Male) |
| 7:57 | Crear | Villager (Male) |
| 8:02 | Crear | Villager (Male) |
| 8:17 | Construir | Mining Camp |
| 8:20 | Investigar | Feudal Age |
| 9:22 | Construir | House |
| 9:51 | Construir | Barracks |
| 10:14 | Crear | Villager (Male) |
| 10:57 | Edad | Edad Feudal |
| 10:58 | Construir | Stable |
| 11:03 | Construir | Blacksmith |
| 11:18 | Crear | Villager (Male) |
| 11:41 | Crear | Villager (Male) |
| 11:49 | Investigar | Horse Collar |
| 11:56 | Investigar | Castle Age |
| 12:04 | Construir | Farm |
| 12:07 | Construir | Farm |
| 12:29 | Construir | Farm |
| 12:40 | Investigar | Double-Bit Axe |
| 12:40 | Investigar | Double-Bit Axe |
| 12:45 | Construir | Farm |
| 13:13 | Construir | House |
| 13:13 | Construir | House |
| 13:22 | Crear | Villager (Male) |
| 14:02 | Construir | Farm |
| 14:14 | Crear | Villager (Male) |
| 14:16 | Construir | House |
| 14:17 | Construir | House |
| 14:52 | Edad | Edad de los Castillos |
| 14:55 | Construir | Town Center |
| 14:57 | Investigar | Bow Saw |
| 15:01 | Construir | Town Center |
| 15:10 | Construir | Farm |
| 15:27 | Construir | Farm |
| 15:43 | Construir | Farm |
| 15:54 | Crear | Villager (Male) |
| 16:03 | Crear | Villager (Male) |
| 16:03 | Crear | Villager (Male) |
| 16:07 | Construir | Farm |
| 16:17 | Construir | Mining Camp |
| 16:28 | Crear | Villager (Male) |
| 16:28 | Crear | Villager (Male) |
| 16:47 | Crear | Villager (Male) |
| 16:47 | Crear | Villager (Male) |
| 16:52 | Construir | Farm |
| 16:54 | Construir | Farm |
| 17:01 | Construir | Farm |
| 17:07 | Crear | Villager (Male) |
| 17:07 | Crear | Villager (Male) |
| 17:11 | Construir | Farm |
| 17:20 | Construir | Farm |
| 17:40 | Crear | Villager (Male) |
| 17:41 | Crear | Villager (Male) |
| 17:41 | Crear | Villager (Male) |
| 17:47 | Construir | Farm |
| 17:48 | Construir | Farm |
| 18:00 | Crear | Villager (Male) |
| 18:01 | Crear | Villager (Male) |
| 18:05 | Construir | Farm |
| 18:14 | Construir | Farm |
| 18:15 | Crear | Villager (Male) |
| 18:22 | Construir | Farm |
| 18:27 | Construir | Farm |
| 18:28 | Crear | Villager (Male) |
| 18:36 | Crear | Villager (Male) |
| 18:36 | Crear | Villager (Male) |
| 18:42 | Construir | Farm |
| 18:49 | Construir | Farm |
| 18:53 | Crear | Villager (Male) |
| 18:54 | Crear | Villager (Male) |
| 19:00 | Crear | Villager (Male) |
| 19:07 | Crear | Villager (Male) |
| 19:11 | Construir | Farm |
| 19:26 | Crear | Steppe Lancer |
| 19:33 | Construir | Farm |
| 19:37 | Construir | Farm |
| 19:41 | Construir | Farm |
| 19:42 | Crear | Villager (Male) |
| 19:42 | Crear | Villager (Male) |
| 19:43 | Crear | Villager (Male) |
| 19:54 | Crear | Steppe Lancer |
| 20:11 | Construir | Market |
| 20:13 | Crear | Villager (Male) |
| 20:13 | Crear | Villager (Male) |
| 20:22 | Crear | Steppe Lancer |
| 20:22 | Crear | Steppe Lancer |
| 20:35 | Construir | House |
| 20:37 | Construir | House |
| 20:41 | Construir | Gate |
| 21:09 | Crear | Villager (Male) |
| 21:09 | Crear | Villager (Male) |
| 21:11 | Investigar | Fletching |
| 21:15 | Investigar | Scale Barding Armor |
| 21:23 | Construir | Lumber Camp |
| 21:25 | Investigar | Loom |
| 21:38 | Construir | Castle |
| 21:45 | Construir | House |
| 21:46 | Construir | House |
| 22:05 | Crear | Villager (Male) |
| 22:05 | Crear | Villager (Male) |
| 22:05 | Crear | Villager (Male) |
| 23:20 | Investigar | Wheelbarrow |
| 23:21 | Crear | Villager (Male) |
| 23:21 | Crear | Villager (Male) |
| 23:33 | Construir | Town Center |
| 23:36 | Construir | Farm |
| 23:39 | Construir | Farm |
| 23:40 | Construir | Farm |
| 23:42 | Construir | Farm |
| 23:43 | Crear | Villager (Male) ×3 |
| 23:47 | Construir | Farm |
| 23:47 | Construir | Farm |
| 23:48 | Construir | Farm |
| 23:48 | Construir | Farm |
| 23:53 | Crear | Villager (Male) |
| 23:53 | Crear | Villager (Male) |
| 24:06 | Crear | Villager (Male) |
| 24:06 | Crear | Villager (Male) |
| 24:17 | Construir | Monastery |
| 24:20 | Construir | House |
| 24:21 | Construir | House |
| 24:23 | Crear | Villager (Male) |
| 24:23 | Crear | Villager (Male) |
| 24:23 | Crear | Villager (Male) |
| 24:35 | Crear | Villager (Male) |
| 24:35 | Crear | Villager (Male) |
Cronología de la partida
| 4:37 | Hympériius · first_building Barracks |
| 5:48 | |FMG| Gral_Artigas · wall_segment Palisade Wall x2 |
| 6:04 | |FMG| Lautreamont · wall_segment Palisade Wall x4 |
| 6:58 | |FMG| Lautreamont · first_building Barracks |
| 7:42 | Michael Olise · first_building Barracks |
| 7:53 | CaptainQS · wall_segment Palisade Wall x1 |
| 8:35 | Finch · first_building Barracks |
| 8:58 | CaptainQS · first_building Barracks |
| 9:42 | |FMG| Gral_Artigas · first_building Barracks |
| 9:51 | PedrodeMatos · first_building Barracks |
| 10:00 | Hympériius · age_up feudal |
| 10:33 | Michael Olise · age_up feudal |
| 10:48 | CaptainQS · first_building Stable |
| 10:57 | PedrodeMatos · age_up feudal |
| 10:58 | PedrodeMatos · first_building Stable |
| 11:00 | |FMG| Lautreamont · age_up feudal |
| 11:05 | |FMG| Lautreamont · first_building Stable |
| 11:23 | |FMG| Gral_Artigas · age_up feudal |
| 11:26 | |FMG| Gral_Artigas · first_building Archery Range |
| 11:29 | The Bellevillain · age_up feudal |
| 11:43 | Finch · age_up feudal |
| 11:51 | Finch · first_building Archery Range |
| 12:03 | Michael Olise · first_market_sell 100 wood |
| 12:35 | The Bellevillain · first_building Barracks |
| 13:10 | Hympériius · first_building Archery Range |
| 14:44 | Michael Olise · age_up castle |
| 14:52 | PedrodeMatos · age_up castle |
| 15:33 | Finch · age_up castle |
| 15:42 | |FMG| Lautreamont · age_up castle |
| 15:48 | |FMG| Gral_Artigas · age_up castle |
| 16:07 | The Bellevillain · age_up castle |
| 16:10 | CaptainQS · first_building Castle |
| 16:23 | Michael Olise · first_building Castle |
| 20:36 | |FMG| Gral_Artigas · first_market_buy 100 food |
| 20:45 | |FMG| Lautreamont · first_market_buy 100 wood |
| 21:28 | Hympériius · age_up castle |
| 21:29 | PedrodeMatos · first_market_buy 100 stone |
| 21:31 | PedrodeMatos · first_market_sell 100 food |
| 21:38 | PedrodeMatos · first_building Castle |
| 21:44 | |FMG| Lautreamont · first_building Monastery |
| 22:34 | |FMG| Gral_Artigas · first_market_sell 100 wood |
| 22:57 | The Bellevillain · first_building Castle |
| 23:34 | Finch · first_building Siege Workshop |
| 23:47 | Michael Olise · first_building Monastery |
| 23:48 | |FMG| Gral_Artigas · wall_segment Palisade Wall x4 |
| 24:07 | CaptainQS · first_building Monastery |
| 24:17 | PedrodeMatos · first_building Monastery |
| 27:03 | PedrodeMatos · first_building Siege Workshop |
| 27:10 | The Bellevillain · first_market_buy 100 food |
| 27:59 | |FMG| Gral_Artigas · wall_segment Stone Wall x7 |
| 28:10 | The Bellevillain · first_building Monastery |
| 28:15 | Hympériius · first_building Siege Workshop |
| 28:49 | Hympériius · first_building Monastery |
| 30:25 | CaptainQS · first_building Siege Workshop |
| 30:53 | |FMG| Gral_Artigas · first_building Castle |
| 31:15 | |FMG| Gral_Artigas · first_building Monastery |
| 31:30 | Hympériius · first_building Castle |
| 31:35 | Finch · first_building Monastery |
| 32:59 | The Bellevillain · first_building Stable |
| 33:04 | Hympériius · age_up imperial |
| 33:54 | |FMG| Lautreamont · first_market_sell 500 food |
| 34:03 | Michael Olise · age_up imperial |
| 34:10 | PedrodeMatos · age_up imperial |
| 34:21 | |FMG| Lautreamont · wall_segment Stone Wall x1 |
| 34:22 | |FMG| Lautreamont · wall_segment Stone Wall x1 |
| 35:44 | Michael Olise · first_building Siege Workshop |
| 36:04 | Finch · age_up imperial |
| 36:47 | |FMG| Gral_Artigas · age_up imperial |
| 37:45 | The Bellevillain · age_up imperial |
| 38:08 | Finch · first_market_sell 100 food |
| 38:10 | |FMG| Lautreamont · age_up imperial |
| 38:50 | Michael Olise · first_market_buy 100 wood |
| 39:12 | Finch · first_building Stable |
| 39:15 | The Bellevillain · first_market_sell 500 wood |
| 40:42 | Finch · first_market_buy 100 stone |
| 40:54 | Finch · first_building Castle |
| 40:56 | The Bellevillain · first_building Archery Range |
| 42:45 | PedrodeMatos · first_building Archery Range |
| 44:48 | CaptainQS · wall_segment Stone Wall x41 |
| 44:52 | |FMG| Lautreamont · first_building Castle |
| 45:03 | |FMG| Lautreamont · first_building Siege Workshop |
| 45:35 | Michael Olise · first_building Stable |
| 50:57 | |FMG| Gral_Artigas · wall_segment Stone Wall x1 |
| 52:01 | CaptainQS · first_market_sell 100 stone |
| 52:56 | Michael Olise · first_building Archery Range |
| 57:30 | Finch · resign |
[ ANÁLISIS IA · 1 CRÉDITO ]
¿Qué pasó realmente en esta partida?
Wolo.gg analiza cada decisión: build order, eco, micro, errores típicos por bracket. Análisis personalizado por WhatsApp o Discord en 30 segundos.
Guía civ
Vietnamitas
Perfil
Jugador #973968